 Dungeon Crawl Stone Soup version 0.19.1-1-g22dce08 (webtiles) character file.

12056 theAP the Basher (level 11, -3/76 HPs)
             Began as a Gargoyle Fighter on Jan 2, 2017.
             Was a Believer of Ashenzari.
             Slain by a sphinx (7 damage)
             ... summoned by Kirke
             ... while paralysed by a sphinx
             ... on level 12 of the Dungeon.
             The game lasted 00:47:40 (12350 turns).

theAP the Basher (Gargoyle Fighter)                Turns: 12350, Time: 00:47:40

Health: -3/76      AC:  0    Str: 24    XL:     11   Next: 87%
Magic:  11/11      EV:  3    Int:  8    God:    Ashenzari [**....]
Gold:   305        SH:  0    Dex:  9    Spells: 0 memorised, 10 levels left

rFire  . . .     SeeInvis .     (weapon currently unavailable)
rCold  . . .     Gourm    .     (armour currently unavailable)
rNeg   + . .     Faith    .     (shield currently unavailable)
rPois  ∞         Spirit   .     (helmet currently unavailable)
rElec  .         Reflect  .     (cloak currently unavailable)
rCorr  .         Harm     .     (gloves currently unavailable)
MR     .....                    (boots currently unavailable)
Stlth  +.........               D - amulet of regeneration (curse)
                                (ring currently unavailable)
                                (ring currently unavailable)

@: paralysed, pig-form, very quick
A: (horns 0), (large bone plates 0), (slimy green scales 0), (fire resistance
0), negative energy resistance 1, sense surroundings 1, (electricity
resistance), (unbreathing), petrification resistance, rot immunity, subdued
magic 1, AC +7
a: Curse Item, Scrying, Renounce Religion


You were on level 12 of the Dungeon.
You worshipped Ashenzari.
Ashenzari was pleased with you.
You were hungry.
You were a filthy swine.
You visited 2 branches of the dungeon, and saw 13 of its levels.
You visited 1 bazaar.
You also visited: Labyrinth and Ossuary.

You collected 852 gold pieces.
You spent 547 gold pieces at shops.

Inventory:

Hand Weapons
 m - a cursed +2 whip of electrocution (melded)
 E - a +1 flail of venom
Armour
 b - a +0 helmet
 c - a +3 shield
 e - a +0 pair of boots (melded)
 F - a +1 pair of gloves (melded)
 M - a cursed +1 cloak of magic resistance (melded)
 Q - a cursed +2 large shield of reflection (melded)
 Y - the cursed +10 plate armour of Immorality (melded) {rPois rC- Regen+ Stlth+}
   (You found it on level 9 of the Dungeon)

   It makes you vulnerable to cold.
   It protects you from poison.
   It increases your rate of regeneration.
   It makes you more stealthy.
   It has a curse placed upon it.
Rods
 p - a +4 iron rod (11/11)
   (You took it off a minotaur in a labyrinth)
Jewellery
 g - an uncursed ring of ice
 j - a ring of protection from cold (melded)
 u - a +2 ring of dexterity (melded)
 B - a +1 ring of protection
 C - an uncursed ring of positive energy
 D - a cursed amulet of regeneration (around neck)
 J - an uncursed amulet of faith
 N - an uncursed amulet of regeneration
 R - a +2 amulet of reflection
Wands
 q - a wand of confusion (14/48)
 t - a wand of polymorph (14/24)
 x - a wand of iceblast (4/15)
 z - a wand of flame (38/48)
 H - a wand of slowing (22/48)
 I - a wand of flame (19/48)
 T - a wand of digging (10/24)
 U - a wand of hasting (3/9)
 Z - a wand of paralysis (15/24)
Scrolls
 r - a scroll of fear
 s - 5 scrolls of teleportation
 y - 2 scrolls of magic mapping
 L - 2 scrolls of fog
 S - a scroll of amnesia
 V - a scroll of identify
Potions
 a - 2 potions of resistance
 d - 5 potions of might
 i - 2 potions of lignification
 k - 9 potions of curing
 l - 2 potions of magic
 n - 2 potions of haste
 o - 2 potions of flight
 w - 3 potions of brilliance
 O - a potion of berserk rage
 P - 2 potions of invisibility
Books
 v - a book of Callings

   Spells                             Type                      Level
   a - Summon Small Mammal            Summoning                    1
   b - Call Imp                       Summoning                    2
   c - Call Canine Familiar           Summoning                    3
   d - Summon Guardian Golem          Hexes/Summoning              3
   e - Summon Lightning Spire         Summoning/Air                4
   f - Summon Ice Beast               Ice/Summoning                4
 K - a book of Cantrips

   Spells                             Type                      Level
   a - Confusing Touch                Hexes                        1
   b - Animate Skeleton               Necromancy                   1
   c - Summon Small Mammal            Summoning                    1
   d - Apportation                    Translocation                1
 X - a book of Ice

   Spells                             Type                      Level
   a - Ice Form                       Ice/Transmutation            4
   b - Metabolic Englaciation         Hexes/Ice                    5
   c - Ozocubu's Refrigeration        Ice                          6
   d - Bolt of Cold                   Conjuration/Ice              6
   e - Freezing Cloud                 Conjuration/Ice/Air          6
   f - Simulacrum                     Ice/Necromancy               6
Miscellaneous
 W - a phantom mirror
Comestibles
 f - 8 bread rations
 h - 7 meat rations
 A - a beef jerky
 G - 7 slices of pizza


   Skills:
 + Level 11.8 Fighting
 + Level 14.3(16.2) Maces & Flails
 + Level 5.1 Armour
 - Level 4.0(5.3) Shields


You had 10 spell levels left.
You didn't know any spells.

Dungeon Overview and Level Annotations

Branches:
Dungeon (12/15)            Temple (1/1) D:7            Lair (0/6) D:8
    Orc (0/2) D:9

Altars:
Ashenzari
Cheibriados
Dithmenos
Elyvilon
Fedhas
Gozag
Hepliaklqana
Kikubaaqudgha
Makhleb
Nemelex Xobeh
Okawaru
Qazlal
Ru
Sif Muna
Trog
Uskayaw
Vehumet
Xom
Yredelemnul
Zin
The Shining One

Shops:
D:5 [*   D:6 =   D:8 %   D:11 %   D:12 %(}

Portals:
Trove: D:12 (give 4 scrolls of blinking)

Annotations:
D:12 Kirke


Innate Abilities, Weirdness & Mutations

You are resistant to torment.
((Your stone body is resilient. (AC +7)))
You are immune to poison.
You resist negative energy. (rN+)
((You are resistant to electric shocks. (rElec)))
((You can survive without breathing.))
You are immune to petrification.
You are immune to rotting.
((You have a pair of small horns on your head.))
((You are partially covered in large bone plates. (SH +4)))
((You are partially covered in slimy green scales. (AC +2)))
((Your flesh is heat resistant. (rF+)))
You passively map a small area around you.
Your spells are a little easier to cast, but a little less powerful.


Message History

Your cursed +2 whip of electrocution stops crackling.
You feel less resistant to hostile enchantments.
You feel clumsy.
You hit something. Something hits you.
You miss something. Something hits you!
You barely miss something.
You hear some strange, mumbled words.
Something summons a sphinx!
You hit something. Something barely misses you. The sphinx hits you!!
The sphinx hits you! x2
* * * LOW HITPOINT WARNING * * *
You hear some strange, mumbled words.
Something tries to affect you, but you resist.
The sphinx mumbles some strange words.
You suddenly lose the ability to move!
The sphinx mumbles some strange words.
Something smites you!
* * * LOW HITPOINT WARNING * * *
The sphinx hits you!
You die...

#.. #............. *#.
* ,, ..*
#...........}.# #. ,
,, .. #.............#
#. , ** #.
#.........###.# #. *
#.* #.........# #.# #.
, #.###.........# #.#
#. , , *
#†............###.###.
#†..H.........#≈≈≈≈≈#.
*
#...{h...)....≈≈≈≈≈≈≈.
*
#..###........≈≈<∩>≈≈.
* #..#
#........≈≈≈≈≈≈≈. ,
##.# #........#≈≈≈≈≈..
, *
...*#..#####......###
, .∩.,...# #......# #
* * #... ...# #.###..#
# * ##. ..# #. #..# #
, # #..# #


You could see a sphinx.

Vanquished Creatures
  A minotaur (Lab)
  A hydra (D:9)
  3 hill giants
  2 cyclopes
  A kobold demonologist (D:9)
  A troll (D:10)
  A hornet (D:11)
  A slime creature (D:9)
  2 hippogriffs (D:11)
  A vampire (D:11)
  2 wyverns
  2 hungry ghosts
  A human (D:7)
  7 hogs
  Menkaure (D:5)
  A mottled dragon (D:8)
  A water moccasin (shapeshifter) (D:12)
  A black bear (D:6)
  4 ice beasts
  4 orc warriors
  An eye of draining (D:11)
  2 phantoms
  A sky beast (D:10)
  4 ogres
  4 centaurs
  A crocodile (D:8)
  Blork the orc (D:4)
  A big kobold (D:11)
  5 bullfrogs
  3 scorpions
  6 killer bees
  6 howler monkeys
  4 crimson imps
  2 quasits
  5 bullfrog zombies
  2 centaur skeletons
  A human zombie (Ossuary)
  3 jellies
  6 orc priests
  Crazy Yiuf (D:6)
  4 hounds
  10 orc wizards
  A centaur zombie (D:11)
  Jessica (D:2)
  4 iguanas (D:8)
  Ijyb (D:2)
  7 worker ants
  2 big kobold zombies (Ossuary)
  2 hound skeletons
  7 mummies
  10 gnolls
  A worker ant zombie (D:11)
  14 adders
  6 shadow imps
  An ooze (D:1)
  6 worms
  4 dart slugs
  7 leopard geckos
  35 orcs
  3 giant cockroaches
  3 gnoll zombies (Ossuary)
  6 goblins
  6 hobgoblins
  15 jackals
  13 kobolds
  2 quokkas
  A ball python (D:2)
  8 bats
  3 frilled lizards
  A goblin zombie (D:8)
  A hobgoblin zombie (Ossuary)
  3 kobold zombies
  A leopard gecko skeleton (D:7)
  3 orc zombies (D:6)
  A quokka zombie (D:8)
  6 rats
296 creatures vanquished.

Vanquished Creatures (others)
  5 dream sheep (D:6)
5 creatures vanquished.

Grand Total: 301 creatures vanquished

Notes
Turn   | Place    | Note
-------+----------+-------------------------------------------
     0 | D:1      | theAP the Gargoyle Fighter began the quest for the Orb.
     0 | D:1      | Reached XP level 1. HP: 14/14 MP: 1/1
   176 | D:1      | Reached XP level 2. HP: 16/19 MP: 2/2
   611 | D:2      | Reached XP level 3. HP: 22/23 MP: 3/3
   971 | D:2      | Noticed Jessica
   974 | D:2      | Killed Jessica
   974 | D:2      | Reached skill level 3 in Maces & Flails
   974 | D:2      | Reached XP level 4. HP: 13/29 MP: 4/4
  1069 | D:2      | Found a glowing silver altar of Zin.
  1178 | D:2      | Noticed Ijyb
  1202 | D:2      | Killed Ijyb
  1214 | D:2      | Reached XP level 5. HP: 30/33 MP: 5/5
  1354 | D:3      | Reached skill level 4 in Maces & Flails
  1686 | D:3      | Found a white marble altar of Elyvilon.
  1922 | D:3      | Found a bloodstained altar of Trog.
  2091 | D:4      | Found a burning altar of Makhleb.
  2092 | D:4      | Noticed Blork the orc
  2131 | D:4      | Killed Blork the orc
  2131 | D:4      | Reached XP level 6. HP: 12/40 MP: 6/6
  2132 | D:4      | Found a snail-covered altar of Cheibriados.
  2314 | D:4      | Reached skill level 5 in Fighting
  2314 | D:4      | Reached skill level 5 in Maces & Flails
  2640 | D:4      | Reached XP level 7. HP: 19/44 MP: 7/7
  2927 | D:5      | Entered Level 5 of the Dungeon
  3001 | D:5      | Reached skill level 6 in Maces & Flails
  3081 | D:5      | Noticed Menkaure
  3090 | D:5      | Killed Menkaure
  3420 | D:5      | Reached skill level 7 in Maces & Flails
  3439 | D:5      | Found an opulent altar of Gozag.
  3439 | D:5      | Found Gozag's Platinum Reserve.
  3560 | D:5      | Reached XP level 8. HP: 51/51 MP: 8/8
  3623 | D:5      | Found Kottihiam's Armour Boutique.
  3637 | D:5      | Bought a +1 pair of gloves for 138 gold pieces
  3876 | D:5      | You fall through a shaft!
  3914 | D:6      | Found Ysidee's Jewellery Emporium.
  4399 | D:6      | Reached skill level 8 in Maces & Flails
  4701 | D:6      | Found a runed door.
  4705 | D:6      | Noticed Crazy Yiuf
  4708 | D:6      | Killed Crazy Yiuf
  4742 | D:6      | Found a shimmering altar of Xom.
  4742 | D:6      | Noticed a dream sheep
  4742 | D:6      | Noticed a dream sheep
  4742 | D:6      | Noticed a dream sheep
  4742 | D:6      | Noticed a dream sheep
  4742 | D:6      | Noticed a dream sheep
  4746 | D:6      | Killed a dream sheep
  4746 | D:6      | Reached skill level 9 in Maces & Flails
  4747 | D:6      | Killed a dream sheep
  4747 | D:6      | Killed a dream sheep
  4749 | D:6      | Killed a dream sheep
  4749 | D:6      | Killed a dream sheep
  5177 | D:7      | Reached XP level 9. HP: 57/57 MP: 9/9
  5525 | D:7      | Found a staircase to the Ecumenical Temple.
  5572 | Temple   | Entered the Ecumenical Temple
  5682 | Temple   | Became a worshipper of Ashenzari the Shackled
  5740 | D:7      | Reached skill level 10 in Maces & Flails
  6264 | D:8      | Found a sand-covered staircase.
  6275 | D:8      | Reached skill level 11 in Maces & Flails
  6288 | Ossuary  | Entered an ossuary
  6612 | Ossuary  | Gained mutation: You are partially covered in large bone plates. (SH +4) [potion of mutation]
  6612 | Ossuary  | Gained mutation: You passively map a small area around you. [potion of mutation]
  6612 | Ossuary  | Gained mutation: Your spells are a little easier to cast, but a little less powerful. [potion of mutation]
  6615 | Ossuary  | Gained mutation: You are partially covered in slimy green scales. (AC +2) [potion of beneficial mutation]
  6620 | Ossuary  | Gained mutation: Your flesh is heat resistant. (rF+) [potion of beneficial mutation]
  6621 | Ossuary  | Gained mutation: You have a pair of small horns on your head. [potion of mutation]
  6678 | D:8      | Reached XP level 10. HP: 66/66 MP: 10/10
  6690 | D:8      | Noticed a hill giant
  6704 | D:8      | Killed a hill giant
  6829 | D:8      | Identified the cursed +1 ring mail of Music {-Cast rPois Dex+4}
  6841 | D:8      | Found Ackur's Food Boutique.
  6981 | D:8      | Found a staircase to the Lair.
  7361 | D:8      | Reached skill level 12 in Maces & Flails
  7668 | D:9      | Found a staircase to the Orcish Mines.
  7835 | D:9      | Identified the +10 plate armour of Immorality {rPois rC- Regen+ Stlth+}
  7836 | D:9      | Noticed a four-headed hydra
  7846 | D:9      | Noticed a kobold demonologist
  7848 | D:9      | Noticed a hill giant
  7940 | D:9      | Found a basalt altar of Yredelemnul.
  8422 | D:9      | Killed a hill giant
  8422 | D:9      | Reached skill level 10 in Fighting
  8431 | D:9      | Killed a four-headed hydra
  8441 | D:9      | Reached skill level 13 in Maces & Flails
  8450 | D:9      | Reached XP level 11. HP: 57/73 MP: 11/11
  8590 | D:10     | Entered Level 10 of the Dungeon
  8780 | D:10     | Reached * piety under Ashenzari
  9363 | D:11     | Noticed a cyclops
  9380 | D:11     | Killed a cyclops
  9442 | D:11     | Found a labyrinth entrance.
  9463 | Lab      | Entered a labyrinth
 11169 | Lab      | Noticed a minotaur
 11197 | Lab      | Killed a minotaur
 11309 | D:11     | Reached skill level 14 in Maces & Flails
 11473 | D:11     | Found Bekempag's Food Shoppe.
 11593 | D:11     | Noticed a hill giant
 11602 | D:11     | Killed a hill giant
 11687 | D:12     | Found Saliod's Antique Weapon Emporium.
 11733 | D:12     | Found a gateway to a bazaar.
 11746 | Bazaar   | Entered a bazaar
 11746 | Bazaar   | Found Toacyth's Armour Emporium.
 11751 | Bazaar   | Found Qaijeiwk's Antique Weapon Boutique.
 11773 | Bazaar   | Found Foeghid's Book Shop.
 11812 | Bazaar   | Found Feysitoo's Distillery.
 11817 | Bazaar   | Found Coruf's Armour Boutique.
 11892 | Bazaar   | Bought a runed whip for 187 gold pieces
 11914 | Bazaar   | Bought a +2 large shield of reflection for 222 gold pieces
 12106 | D:12     | Noticed a cyclops
 12107 | D:12     | Found Mos Unk's Gadget Emporium.
 12120 | D:12     | Killed a cyclops
 12136 | D:12     | Reached ** piety under Ashenzari
 12271 | D:12     | Found Asoupp's Food Shoppe.
 12321 | D:12     | Found a portal to a secret trove of treasure.
 12322 | D:12     | Noticed Kirke
 12329 | D:12     | Reached skill level 5 in Armour
 12345 | D:12     | Noticed a sphinx
 12348 | D:12     | Paralysed by a sphinx for 4 turns
 12349 | D:12     | HP: 3/76 [sphinx/divine providence[Kirke] (17)]
 12350 | D:12     | Slain by a sphinx

Skill      XL: |  1  2  3  4  5  6  7  8  9 10 11 |
---------------+----------------------------------+-----
Shields        | 4 |  4.0
Fighting       | 4 5 6 7 9 10 11 | 11.8
Maces & Flails | 3 4 5 7 9 11 13 14 | 14.3
Armour         | 5 |  5.1

Action                   |  1- 3 |  4- 6 |  7- 9 | 10-12 || total
-------------------------+-------+-------+-------+-------++-------
Melee: Flail             |   154 |   276 |   514 |   444 ||  1388
       Headbutt          |       |       |       |   105 ||   105
       Whip              |       |       |       |    43 ||    43
       Unarmed           |       |       |       |     4 ||     4
Invok: Curse Item        |       |       |     3 |     4 ||     7
Evoke: Wand              |       |       |       |     1 ||     1
  Use: Scroll            |     5 |     6 |     7 |     5 ||    23
       Potion            |     1 |       |    11 |     1 ||    13
  Eat: Chunk             |       |     5 |    13 |     1 ||    19
       Pizza             |       |     1 |       |     2 ||     3
       Bread ration      |       |       |     1 |     1 ||     2
       Beef jerky        |       |       |       |     2 ||     2
       Meat ration       |       |       |       |     1 ||     1
       Royal jelly       |       |       |       |     1 ||     1
Armor: Scale mail        |   199 |   133 |    61 |       ||   393
       Plate armour      |       |       |   215 |   222 ||   437
       Skin              |       |       |     2 |       ||     2
Dodge: Dodged            |   119 |    63 |    81 |    45 ||   308
Block: Shield            |   133 |   176 |   308 |   326 ||   943
       Large shield      |       |       |       |    23 ||    23
       Reflection        |       |       |       |     1 ||     1
